[Event "94th FRA-ch Open C 2019"]
[Site "Chartres"]
[Date "2019.08.17"]
[Round "1.1"]
[White "Cresswell, Patrick"]
[Black "Leclerc, Alain"]
[Result "0-1"]
[ECO "D02"]
[WhiteElo "1664"]
[BlackElo "1787"]
[Annotator "NA"]
[PlyCount "56"]
[EventDate "2019.08.17"]
[EventType "swiss"]
[EventCountry "FRA"]
[SourceTitle "playchess.com"]
[Source "ChessBase"]
[SourceQuality "1"]
[TimeControl "40/5400+30:1800+30"]

1. d4 d5 2. Bf4 c6 3. Nf3 f5 4. e3 Nf6 5. h3 e6 6. Nbd2 Bd6 7. Ne5 Qe7 8. Bd3 O-O 9. g4 Ne4 10. Bxe4 fxe4 11. g5 Bxe5 12. dxe5 Nd7 13. c3 Nc5 14. Qg4 Nd3+ 15. Ke2 Rf5 16. Qg3 b6 17. Rab1 Ba6 18. Kd1 Raf8 19. f3 Nxf4 20. exf4 e3 21. Nb3 c5 22. Qe1 Rxf4 23. Nc1 Rxf3 24. Ne2 Bd3 25. Ra1 Rf2 26. Ng3 Qxg5 27. Rg1 Qxe5 28. Qxe3 Qxe3 0-1

[Event "94th FRA-ch Open C 2019"]
[Site "Chartres"]
[Date "2019.08.17"]
[Round "1.2"]
[White "Nguyen, Angeline"]
[Black "Ferrandi, Bernard"]
[Result "1-0"]
[ECO "C50"]
[WhiteElo "1766"]
[BlackElo "1660"]
[Annotator "NA"]
[PlyCount "55"]
[EventDate "2019.08.17"]
[EventType "swiss"]
[EventCountry "FRA"]
[SourceTitle "playchess.com"]
[Source "ChessBase"]
[SourceQuality "1"]
[TimeControl "40/5400+30:1800+30"]

1. e4 e5 2. Nf3 Nc6 3. Bc4 d6 4. c3 Bg4 5. d3 a6 6. Be3 f5 7. Qb3 f4 8. Bxg8 Rxg8 9. Qxg8 fxe3 10. fxe3 Bxf3 11. Qe6+ Qe7 12. Qxe7+ Bxe7 13. gxf3 Bh4+ 14. Ke2 O-O-O 15. Nd2 d5 16. exd5 Rxd5 17. Ne4 Rd7 18. Rhg1 h6 19. Rg6 Rf7 20. Rag1 Bf6 21. Nxf6 gxf6 22. Rxh6 Nd8 23. h4 Kd7 24. h5 Ne6 25. Rhg6 Ke7 26. h6 Rh7 27. Rg7+ Nxg7 28. hxg7 1-0

[Event "94th FRA-ch Open C 2019"]
[Site "Chartres"]
[Date "2019.08.17"]
[Round "1.3"]
[White "Beaulier, Benjamin"]
[Black "Demey, Pierre"]
[Result "0-1"]
[ECO "B20"]
[WhiteElo "1658"]
[BlackElo "1757"]
[Annotator "NA"]
[PlyCount "98"]
[EventDate "2019.08.17"]
[EventType "swiss"]
[EventCountry "FRA"]
[SourceTitle "playchess.com"]
[Source "ChessBase"]
[SourceQuality "1"]
[TimeControl "40/5400+30:1800+30"]

1. e4 c5 2. d3 Nc6 3. g3 g6 4. Bg2 Bg7 5. f4 e6 6. Nf3 Nge7 7. O-O d5 8. e5 O-O 9. c3 Rb8 10. Na3 b5 11. Nc2 c4 12. Be3 a5 13. Bc5 Re8 14. Qe2 Ba6 15. Rfd1 b4 16. d4 Qd7 17. Bh3 Bb5 18. Ne3 Ba4 19. Rf1 bxc3 20. bxc3 Nf5 21. Nxf5 exf5 22. Nh4 Nd8 23. g4 fxg4 24. Bxg4 f5 25. Bh3 Ne6 26. Ba3 Rb7 27. Bg2 Bh6 28. Nxf5 gxf5 29. Qh5 Bf8 30. Bxf8 Rxf8 31. Bh3 Qg7+ 32. Kh1 Bc2 33. Rg1 Be4+ 34. Bg2 Nxf4 35. Bxe4 Nxh5 36. Rxg7+ Rxg7 37. Bxd5+ Kh8 38. Bxc4 Nf4 39. Bf1 Rfg8 40. h3 Rg1+ 41. Kh2 Nd5 42. Re1 Nxc3 43. e6 Nd5 44. e7 Nxe7 45. Rxe7 Rxf1 46. d5 Rd1 47. Re5 f4 48. Rf5 Rd2+ 49. Kh1 Re8 0-1

[Event "94th FRA-ch Open C 2019"]
[Site "Chartres"]
[Date "2019.08.17"]
[Round "1.5"]
[White "Chaillou, Vincent"]
[Black "Pionnier, Camille"]
[Result "1-0"]
[ECO "C30"]
[WhiteElo "1654"]
[BlackElo "1749"]
[Annotator "NA"]
[PlyCount "55"]
[EventDate "2019.08.17"]
[EventType "swiss"]
[EventCountry "FRA"]
[SourceTitle "playchess.com"]
[Source "ChessBase"]
[SourceQuality "1"]
[TimeControl "40/5400+30:1800+30"]

1. e4 e5 2. f4 Bc5 3. Nf3 d6 4. c3 Bg4 5. fxe5 dxe5 6. Bc4 Qf6 7. d3 Nc6 8. b4 Bb6 9. a4 a5 10. b5 Nd8 11. Rf1 Ne6 12. h3 Bxf3 13. Qxf3 Qe7 14. Ba3 Qd7 15. Qh5 O-O-O 16. Rxf7 Qe8 17. Qf5 Nh6 18. Qxe6+ Qxe6 19. Bxe6+ Kb8 20. Rf3 Rhe8 21. Bc4 Rd7 22. Ke2 Ng8 23. Bxg8 Rxg8 24. Nd2 g5 25. Raf1 g4 26. Rf8+ Rd8 27. Rxg8 Rxg8 28. Rf8+ 1-0

[Event "94th FRA-ch Open C 2019"]
[Site "Chartres"]
[Date "2019.08.17"]
[Round "1.6"]
[White "Silvera, Ruben"]
[Black "Penloup-Leboulanger, Marvin"]
[Result "1-0"]
[ECO "C88"]
[WhiteElo "1747"]
[BlackElo "1652"]
[Annotator "NA"]
[PlyCount "63"]
[EventDate "2019.08.17"]
[EventType "swiss"]
[EventCountry "FRA"]
[SourceTitle "playchess.com"]
[Source "ChessBase"]
[SourceQuality "1"]
[TimeControl "40/5400+30:1800+30"]

1. e4 e5 2. Nf3 Nc6 3. Bb5 a6 4. Ba4 Nf6 5. O-O b5 6. Bb3 Be7 7. Re1 O-O 8. d4 Nxd4 9. Bxf7+ Rxf7 10. Nxe5 Bc5 11. Nxf7 Kxf7 12. e5 Ne8 13. c3 Qh4 14. Be3 Bb7 15. cxd4 Bb6 16. h3 Qe4 17. Qg4 d6 18. Qxe4 Bxe4 19. Nc3 Bg6 20. Rad1 c5 21. exd6 cxd4 22. Bxd4 Bxd4 23. Rxd4 Rd8 24. Red1 Nf6 25. a4 bxa4 26. Nxa4 Bf5 27. Nc5 a5 28. Nb7 Rb8 29. d7 Nxd7 30. Rxd7+ Bxd7 31. Rxd7+ Kf6 32. b3 1-0

[Event "94th FRA-ch Open C 2019"]
[Site "Chartres"]
[Date "2019.08.18"]
[Round "2.1"]
[White "Leclerc, Alain"]
[Black "Shefay, Paul"]
[Result "1-0"]
[ECO "C02"]
[WhiteElo "1787"]
[BlackElo "1680"]
[Annotator "NA"]
[PlyCount "53"]
[EventDate "2019.08.17"]
[EventType "swiss"]
[EventCountry "FRA"]
[SourceTitle "playchess.com"]
[Source "ChessBase"]
[SourceQuality "1"]
[TimeControl "40/5400+30:1800+30"]

1. e4 e6 2. d4 d5 3. e5 c5 4. c3 Nc6 5. Nf3 cxd4 6. cxd4 Bb4+ 7. Nc3 Nge7 8. Bd3 Qb6 9. O-O Nxd4 10. Nxd4 Bd7 11. Nc2 Bxc3 12. bxc3 Nf5 13. Bxf5 exf5 14. Qxd5 Bc6 15. Qb3 Qc7 16. Ba3 O-O-O 17. Bd6 Qd7 18. Nd4 b6 19. Qc4 Kb7 20. Qxc6+ Qxc6 21. Nxc6 Kxc6 22. f4 f6 23. Rfd1 h5 24. Rd4 fxe5 25. fxe5 g5 26. Rad1 Rc8 27. e6 1-0

[Event "94th FRA-ch Open C 2019"]
[Site "Chartres"]
[Date "2019.08.18"]
[Round "2.2"]
[White "Bele, Charles"]
[Black "Nguyen, Angeline"]
[Result "1-0"]
[ECO "B07"]
[WhiteElo "1678"]
[BlackElo "1766"]
[Annotator "NA"]
[PlyCount "39"]
[EventDate "2019.08.17"]
[EventType "swiss"]
[EventCountry "FRA"]
[SourceTitle "playchess.com"]
[Source "ChessBase"]
[SourceQuality "1"]
[TimeControl "40/5400+30:1800+30"]

1. e4 d6 2. d4 Nf6 3. Nc3 g6 4. Bg5 Bg7 5. f4 c6 6. Qd2 b5 7. a3 O-O 8. Nf3 Bb7 9. Bd3 a5 10. O-O Na6 11. e5 dxe5 12. fxe5 Nd7 13. Bh6 b4 14. Ne4 c5 15. Bxg7 Kxg7 16. Nfg5 cxd4 17. Rxf7+ Kg8 18. Rg7+ Kh8 19. Rxh7+ Kg8 20. Bc4+ 1-0

[Event "94th FRA-ch Open C 2019"]
[Site "Chartres"]
[Date "2019.08.18"]
[Round "2.3"]
[White "Demey, Pierre"]
[Black "Lefort, Thibaut"]
[Result "1-0"]
[ECO "B77"]
[WhiteElo "1757"]
[BlackElo "1675"]
[Annotator "NA"]
[PlyCount "37"]
[EventDate "2019.08.17"]
[EventType "swiss"]
[EventCountry "FRA"]
[SourceTitle "playchess.com"]
[Source "ChessBase"]
[SourceQuality "1"]
[TimeControl "40/5400+30:1800+30"]

1. e4 c5 2. Nc3 g6 3. Nf3 Bg7 4. d4 cxd4 5. Nxd4 Nc6 6. Be3 a6 7. Bc4 d6 8. Qd2 Nxd4 9. Bxd4 Nf6 10. O-O-O O-O 11. f3 Qc7 12. Bb3 Bd7 13. Bxf6 Bxf6 14. Nd5 Qc6 15. Nxf6+ exf6 16. Qf4 Kg7 17. Rxd6 Qb5 18. Qxf6+ Kg8 19. h4 1-0

[Event "94th FRA-ch Open C 2019"]
[Site "Chartres"]
[Date "2019.08.18"]
[Round "2.4"]
[White "Varin, Pierre-antoine"]
[Black "Silvera, Ruben"]
[Result "1-0"]
[ECO "C50"]
[WhiteElo "1677"]
[BlackElo "1747"]
[Annotator "NA"]
[PlyCount "95"]
[EventDate "2019.08.17"]
[EventType "swiss"]
[EventCountry "FRA"]
[SourceTitle "playchess.com"]
[Source "ChessBase"]
[SourceQuality "1"]
[TimeControl "40/5400+30:1800+30"]

1. e4 e5 2. Nf3 Nc6 3. Bc4 Bc5 4. d3 Nf6 5. Nc3 d6 6. Bg5 h6 7. Bxf6 Qxf6 8. Nd5 Qd8 9. c3 a6 10. d4 Ba7 11. Ne3 O-O 12. dxe5 dxe5 13. Qe2 Bc5 14. O-O g6 15. Rad1 Bd6 16. Bd5 Qe7 17. b4 Be6 18. Rd3 Bxd5 19. Nxd5 Qe6 20. Qd2 Kg7 21. c4 Rfc8 22. c5 Bf8 23. a3 Kg8 24. Qb2 Bg7 25. Rfd1 Rab8 26. a4 b6 27. b5 bxc5 28. b6 cxb6 29. Nxb6 Nd4 30. a5 c4 31. Rc3 Rc5 32. Qa2 Rxa5 33. Qxa5 Ne2+ 34. Kf1 Nxc3 35. Nd7 Nxd1 36. Nxb8 c3 37. Qd8+ Bf8 38. Qxd1 Qa2 39. Ne1 Qd2 40. Qe2 a5 41. Nc6 a4 42. Nxe5 a3 43. Qc4 Qf4 44. N1d3 Qf6 45. Qxc3 Qa6 46. Qb3 Qa7 47. Qa2 Kg7 48. Ke2 1-0

[Event "94th FRA-ch Open C 2019"]
[Site "Chartres"]
[Date "2019.08.18"]
[Round "2.5"]
[White "Stephan, Arthur"]
[Black "Sylvestre-Baron, Laurent"]
[Result "0-1"]
[ECO "E65"]
[WhiteElo "1675"]
[BlackElo "1743"]
[Annotator "NA"]
[PlyCount "66"]
[EventDate "2019.08.17"]
[EventType "swiss"]
[EventCountry "FRA"]
[SourceTitle "playchess.com"]
[Source "ChessBase"]
[SourceQuality "1"]
[TimeControl "40/5400+30:1800+30"]

1. d4 Nf6 2. Nf3 g6 3. g3 Bg7 4. Bg2 O-O 5. O-O d6 6. c4 c5 7. dxc5 dxc5 8. Nc3 Nc6 9. Be3 Nd7 10. Qc1 a6 11. Rd1 Qa5 12. Bh6 Nb6 13. Ne4 Nd7 14. Rd5 f5 15. Bxg7 Kxg7 16. Nfg5 fxe4 17. Ne6+ Kg8 18. Nxf8 Nxf8 19. Qe3 Qb4 20. Rxc5 Qxb2 21. Rd1 Qc2 22. Ra1 Bf5 23. Qg5 Ne6 24. Qe3 Nxc5 25. Qxc5 Qxe2 26. Qd5+ Kg7 27. Bf1 Qb2 28. Re1 Qd4 29. Rb1 e3 30. Qxd4+ Nxd4 31. Rxb7 e2 32. Rxe7+ Kf6 33. Re3 Nf3+ 0-1

[Event "94th FRA-ch Open C 2019"]
[Site "Chartres"]
[Date "2019.08.18"]
[Round "2.6"]
[White "Galhaud, Jean-Philippe"]
[Black "Chaillou, Vincent"]
[Result "1/2-1/2"]
[ECO "B50"]
[WhiteElo "1736"]
[BlackElo "1654"]
[Annotator "NA"]
[PlyCount "153"]
[EventDate "2019.08.17"]
[EventType "swiss"]
[EventCountry "FRA"]
[SourceTitle "playchess.com"]
[Source "ChessBase"]
[SourceQuality "1"]
[TimeControl "40/5400+30:1800+30"]

1. e4 c5 2. Nf3 d6 3. c3 Nf6 4. Be2 e6 5. O-O Be7 6. d3 Nc6 7. b3 O-O 8. Bb2 a6 9. Nbd2 b5 10. d4 Bb7 11. dxc5 dxc5 12. Qc2 Qc7 13. Rfe1 Qf4 14. Rad1 Rad8 15. Bc1 Qc7 16. Bd3 Ne5 17. Nxe5 Qxe5 18. Nf3 Qh5 19. Bf4 c4 20. bxc4 bxc4 21. Bxc4 Rxd1 22. Rxd1 Bxe4 23. Qe2 Bxf3 24. Qxf3 Qxf3 25. gxf3 Rc8 26. Bxa6 Rxc3 27. Kg2 Nd5 28. Be5 Rc2 29. Rb1 f6 30. Bd4 Rxa2 31. Bc8 Nf4+ 32. Kf1 Kf7 33. Be3 Nd5 34. Bd4 Rc2 35. Ba6 Rd2 36. Ba1 Bc5 37. Be2 Nf4 38. Re1 Nxe2 39. Rxe2 Rd1+ 40. Re1 Rxe1+ 41. Kxe1 Kg6 42. Bc3 Kf5 43. Kf1 e5 44. Kg2 Bd4 45. Bb4 g6 46. Ba5 Ke6 47. Bb4 f5 48. Bd2 Kd5 49. Bg5 Kc4 50. Bh6 Kd3 51. Kf1 Bc3 52. Bg5 Bd2 53. Bf6 Bf4 54. h3 g5 55. Be7 h5 56. Bf6 e4 57. fxe4 Kxe4 58. Be7 Kf3 59. Bf6 g4 60. hxg4 fxg4 61. Bh4 Be5 62. Bg5 Bf4 63. Bh4 Ke4 64. Ke2 Bh6 65. Bg3 Bg5 66. Kf1 h4 67. Bd6 Kf3 68. Kg1 Bf4 69. Be7 h3 70. Bh4 Ke2 71. Be7 Bd2 72. Bh4 Be1 73. Bg3 h2+ 74. Bxh2 Bxf2+ 75. Kg2 Be1 76. Bg3 Bxg3 77. Kxg3 1/2-1/2

[Event "94th FRA-ch Open C 2019"]
[Site "Chartres"]
[Date "2019.08.19"]
[Round "3.1"]
[White "Bernard, Thomas"]
[Black "Leclerc, Alain"]
[Result "0-1"]
[ECO "B12"]
[WhiteElo "1689"]
[BlackElo "1787"]
[Annotator "NA"]
[PlyCount "54"]
[EventDate "2019.08.17"]
[EventType "swiss"]
[EventCountry "FRA"]
[SourceTitle "playchess.com"]
[Source "ChessBase"]
[SourceQuality "1"]
[TimeControl "40/5400+30:1800+30"]

1. e4 c6 2. d4 d5 3. e5 Bf5 4. h4 h6 5. g4 Bh7 6. e6 fxe6 7. Bd3 Bxd3 8. Qxd3 Qd6 9. Nf3 Nd7 10. Qg6+ Kd8 11. g5 e5 12. Qf7 e6 13. O-O e4 14. Ne5 Nxe5 15. dxe5 Qe7 16. Qh5 Qe8 17. Qg4 Kd7 18. Be3 hxg5 19. Bxg5 Nh6 20. Qh3 Nf5 21. c4 Qh5 22. Qb3 b6 23. cxd5 Qg4+ 24. Kh2 Nxh4 25. dxc6+ Kc7 26. Qg3 Nf3+ 27. Kg2 Rh2# 0-1

[Event "94th FRA-ch Open C 2019"]
[Site "Chartres"]
[Date "2019.08.19"]
[Round "3.2"]
[White "Castanet, Clement"]
[Black "Demey, Pierre"]
[Result "1-0"]
[ECO "B84"]
[WhiteElo "1650"]
[BlackElo "1757"]
[Annotator "NA"]
[PlyCount "63"]
[EventDate "2019.08.17"]
[EventType "swiss"]
[EventCountry "FRA"]
[SourceTitle "playchess.com"]
[Source "ChessBase"]
[SourceQuality "1"]
[TimeControl "40/5400+30:1800+30"]

1. e4 c5 2. Nf3 d6 3. d4 cxd4 4. Nxd4 Nf6 5. Nc3 a6 6. Bc4 e6 7. O-O b5 8. Bd3 Bb7 9. a3 Nbd7 10. f3 d5 11. Kh1 Bc5 12. Nb3 Bd6 13. Qe2 Qc7 14. f4 dxe4 15. Nxe4 Bxe4 16. Bxe4 Nxe4 17. Qxe4 O-O 18. c3 Nf6 19. Qf3 Rad8 20. Nd4 Nd5 21. Bd2 Bc5 22. Rac1 Bxd4 23. cxd4 Qb6 24. Rc5 f5 25. Rfc1 Nf6 26. Be3 Rfe8 27. Rc6 Qb7 28. b4 Ne4 29. Rc7 Qd5 30. Qh5 Rf8 31. Qh4 Qb3 32. Qe7 1-0

[Event "94th FRA-ch Open C 2019"]
[Site "Chartres"]
[Date "2019.08.19"]
[Round "3.3"]
[White "Sylvestre-Baron, Laurent"]
[Black "Bele, Charles"]
[Result "0-1"]
[ECO "C20"]
[WhiteElo "1743"]
[BlackElo "1678"]
[Annotator "NA"]
[PlyCount "85"]
[EventDate "2019.08.17"]
[EventType "swiss"]
[EventCountry "FRA"]
[SourceTitle "playchess.com"]
[Source "ChessBase"]
[SourceQuality "1"]
[TimeControl "40/5400+30:1800+30"]

1. c4 e5 2. Nc3 Nc6 3. e4 Bc5 4. Nf3 d6 5. d3 a6 6. Bg5 Nge7 7. a3 O-O 8. Nd5 f6 9. Be3 Bg4 10. h3 Bxf3 11. gxf3 Nd4 12. f4 f5 13. fxe5 dxe5 14. b4 Ba7 15. Bg5 Rf7 16. Bg2 c6 17. Nxe7+ Rxe7 18. exf5 Nxf5 19. Be4 Qd4 20. Ra2 Rf7 21. Qc2 Qd7 22. c5 Qe6 23. Qc4 Qxc4 24. dxc4 Nd4 25. Be3 Rd8 26. O-O h6 27. Kg2 Nf5 28. Bc1 Nh4+ 29. Kg3 Nf5+ 30. Kg2 Nh4+ 31. Kh2 Rdf8 32. Be3 Bb8 33. Rd2 Nf3+ 34. Bxf3 Rxf3 35. Rd7 Rxe3 36. fxe3 Rxf1 37. Rxb7 Rf8 38. Rb6 e4+ 39. Rxb8 Rxb8 40. Kg3 Rf8 41. a4 Rf3+ 42. Kg2 Rxe3 43. b5 0-1

[Event "94th FRA-ch Open C 2019"]
[Site "Chartres"]
[Date "2019.08.19"]
[Round "3.4"]
[White "Cregut, Marian"]
[Black "Varin, Pierre-antoine"]
[Result "1-0"]
[ECO "C00"]
[WhiteElo "1717"]
[BlackElo "1677"]
[Annotator "NA"]
[PlyCount "85"]
[EventDate "2019.08.17"]
[EventType "swiss"]
[EventCountry "FRA"]
[SourceTitle "playchess.com"]
[Source "ChessBase"]
[SourceQuality "1"]
[TimeControl "40/5400+30:1800+30"]

1. e4 e6 2. d3 d5 3. Nd2 Nf6 4. g3 c5 5. Bg2 Nc6 6. Ngf3 Bd6 7. c3 O-O 8. O-O Qc7 9. Ne1 Rd8 10. f4 dxe4 11. dxe4 e5 12. f5 c4 13. Qe2 Na5 14. g4 b6 15. g5 Ne8 16. Qh5 g6 17. Qe2 Bb7 18. f6 Bc5+ 19. Kh1 Rd7 20. h4 Rad8 21. Bh3 Rd6 22. h5 Qc6 23. Nef3 Rd3 24. hxg6 hxg6 25. Qh2 Qd6 26. b4 cxb3 27. axb3 Be3 28. b4 Bxd2 29. Nxd2 Rxd2 30. Bxd2 Bxe4+ 31. Bg2 Bxg2+ 32. Qxg2 Nb3 33. Rad1 e4 34. Be3 Qxd1 35. Rxd1 Rxd1+ 36. Kh2 Rd7 37. Qxe4 Kf8 38. Qc2 a5 39. Qxb3 Rd3 40. Bxb6 a4 41. Qxa4 Rxc3 42. Bc5+ Kg8 43. Qxe8+ 1-0

[Event "94th FRA-ch Open C 2019"]
[Site "Chartres"]
[Date "2019.08.19"]
[Round "3.5"]
[White "Sithisak, Remi"]
[Black "Arcusa, Michel"]
[Result "1-0"]
[ECO "A53"]
[WhiteElo "1635"]
[BlackElo "1716"]
[Annotator "NA"]
[PlyCount "79"]
[EventDate "2019.08.17"]
[EventType "swiss"]
[EventCountry "FRA"]
[SourceTitle "playchess.com"]
[Source "ChessBase"]
[SourceQuality "1"]
[TimeControl "40/5400+30:1800+30"]

1. d4 c6 2. Nf3 d6 3. c4 Qc7 4. Nc3 e5 5. e4 Nf6 6. h3 Be7 7. g3 Nbd7 8. Bg2 Nf8 9. Be3 Ng6 10. Rc1 Be6 11. d5 Bd7 12. O-O c5 13. Nd2 h5 14. a3 Nh7 15. b4 b6 16. bxc5 bxc5 17. Nb5 Qc8 18. Kh2 a6 19. Nc3 Ng5 20. h4 Nh7 21. Rb1 Nf6 22. f3 Ng8 23. Na4 Bd8 24. Nb6 Bxb6 25. Rxb6 Qc7 26. Qb3 N8e7 27. Rb1 O-O 28. Rb7 Qd8 29. Qb6 Nc8 30. Qxd8 Rxd8 31. Rc7 Nf8 32. Rbb7 Ne7 33. Bh3 Bxh3 34. Kxh3 Nc8 35. Rxf7 g6 36. Bh6 Re8 37. Bxf8 Rxf8 38. Rg7+ Kh8 39. Rh7+ Kg8 40. Rbg7# 1-0

[Event "94th FRA-ch Open C 2019"]
[Site "Chartres"]
[Date "2019.08.19"]
[Round "3.6"]
[White "Leccia, Thomas"]
[Black "Schmitt, Nicolas"]
[Result "0-1"]
[ECO "B17"]
[WhiteElo "1706"]
[BlackElo "1665"]
[Annotator "NA"]
[PlyCount "72"]
[EventDate "2019.08.17"]
[EventType "swiss"]
[EventCountry "FRA"]
[SourceTitle "playchess.com"]
[Source "ChessBase"]
[SourceQuality "1"]
[TimeControl "40/5400+30:1800+30"]

1. e4 c6 2. d4 d5 3. Nc3 dxe4 4. Nxe4 Nd7 5. Ng5 Ngf6 6. Bd3 e6 7. c3 Bd6 8. Qe2 h6 9. Ne4 Nxe4 10. Qxe4 Nf6 11. Qe2 O-O 12. Bd2 e5 13. dxe5 Bxe5 14. O-O-O Re8 15. Qf1 Qa5 16. f4 Bd6 17. Kb1 b5 18. h3 Be6 19. c4 Bb4 20. Bxb4 Qxb4 21. cxb5 cxb5 22. Ne2 Rec8 23. Nc1 Qa5 24. g4 Rxc1+ 25. Kxc1 Qxa2 26. Qe2 Rc8+ 27. Kd2 Qa5+ 28. Ke3 Bd5 29. Kf2 Qb6+ 30. Kg3 Re8 31. Qc2 Qe3+ 32. Kh2 Qxf4+ 33. Kg1 Qg3+ 34. Kf1 Bxh1 35. Bxb5 Qxh3+ 36. Kg1 Bf3 0-1

[Event "94th FRA-ch Open C 2019"]
[Site "Chartres"]
[Date "2019.08.20"]
[Round "4.1"]
[White "Leclerc, Alain"]
[Black "Castanet, Clement"]
[Result "1-0"]
[ECO "C74"]
[WhiteElo "1787"]
[BlackElo "1650"]
[Annotator "NA"]
[PlyCount "67"]
[EventDate "2019.08.17"]
[EventType "swiss"]
[EventCountry "FRA"]
[SourceTitle "playchess.com"]
[Source "ChessBase"]
[SourceQuality "1"]
[TimeControl "40/5400+30:1800+30"]

1. e4 e5 2. Nf3 Nc6 3. Bb5 a6 4. Ba4 d6 5. c3 Bg4 6. h3 Bh5 7. d3 b5 8. Bc2 Nf6 9. Nbd2 d5 10. Qe2 d4 11. g4 Bg6 12. Nf1 Bc5 13. Ng3 h6 14. O-O Qd7 15. Nf5 Bxf5 16. exf5 Qe7 17. Re1 Nd7 18. Qe4 Qd6 19. cxd4 Nxd4 20. Nxd4 Qxd4 21. Qxa8+ Ke7 22. Qf3 h5 23. g5 f6 24. g6 Bb4 25. Re4 Qd6 26. Be3 h4 27. a3 Bc5 28. b4 Bxe3 29. Rxe3 Rh5 30. Qxh5 Qd4 31. Rae1 c5 32. bxc5 Nxc5 33. Qh8 Qf4 34. Qxg7+ 1-0

[Event "94th FRA-ch Open C 2019"]
[Site "Chartres"]
[Date "2019.08.20"]
[Round "4.2"]
[White "Brun, Pierre"]
[Black "Cregut, Marian"]
[Result "1-0"]
[ECO "D02"]
[WhiteElo "1648"]
[BlackElo "1717"]
[Annotator "NA"]
[PlyCount "123"]
[EventDate "2019.08.17"]
[EventType "swiss"]
[EventCountry "FRA"]
[SourceTitle "playchess.com"]
[Source "ChessBase"]
[SourceQuality "1"]
[TimeControl "40/5400+30:1800+30"]

1. d4 d5 2. Bf4 Nf6 3. Nf3 c5 4. e3 Nc6 5. Nc3 c4 6. h3 Bf5 7. g4 Bg6 8. Ne5 Ne4 9. Nxg6 Nxc3 10. bxc3 hxg6 11. Qb1 Qd7 12. Bg2 e6 13. a4 Be7 14. a5 Bd8 15. a6 b6 16. e4 Ne7 17. Bd2 Rb8 18. e5 b5 19. Bc1 Qc6 20. Ba3 Nc8 21. O-O Rb6 22. Bc5 Rb8 23. f4 Be7 24. Bb4 Rb6 25. Bxe7 Nxe7 26. Ra5 Kd7 27. Qb4 Rhb8 28. Rfa1 Ke8 29. Qb1 Qc8 30. Qe1 Nc6 31. R5a2 b4 32. Qh4 bxc3 33. Qh8+ Kd7 34. Qxg7 Qf8 35. Qf6 Qe7 36. f5 Qxf6 37. exf6 gxf5 38. gxf5 Rb1+ 39. Kf2 Rxa1 40. Rxa1 Rb2 41. fxe6+ fxe6 42. Ke3 Rxc2 43. Rf1 Ke8 44. Bf3 Nd8 45. Bh5+ Nf7 46. Bg4 Kd7 47. Bh5 Ke8 48. Rg1 Kf8 49. Rg7 Rh2 50. Rxf7+ Kg8 51. Rg7+ Kh8 52. Rg1 Rxh3+ 53. Ke2 Rxh5 54. f7 Rh2+ 55. Kd1 Rf2 56. Rg8+ Kh7 57. f8=Q Rxf8 58. Rxf8 e5 59. dxe5 d4 60. Rc8 d3 61. Rxc4 c2+ 62. Kd2 1-0

[Event "94th FRA-ch Open C 2019"]
[Site "Chartres"]
[Date "2019.08.20"]
[Round "4.3"]
[White "Sithisak, Remi"]
[Black "Arendo, Marc"]
[Result "1-0"]
[ECO "E81"]
[WhiteElo "1635"]
[BlackElo "1694"]
[Annotator "NA"]
[PlyCount "57"]
[EventDate "2019.08.17"]
[EventType "swiss"]
[EventCountry "FRA"]
[SourceTitle "playchess.com"]
[Source "ChessBase"]
[SourceQuality "1"]
[TimeControl "40/5400+30:1800+30"]

1. d4 d6 2. c4 Nf6 3. Nc3 g6 4. e4 Bg7 5. f3 O-O 6. Bg5 Nc6 7. Nge2 e5 8. d5 Ne7 9. Qd2 Nd7 10. h4 f5 11. h5 Qe8 12. hxg6 Nxg6 13. exf5 Rxf5 14. Ng3 Rf7 15. Bd3 Nc5 16. O-O-O Nxd3+ 17. Qxd3 Qf8 18. Rh5 Bf5 19. Nxf5 Rxf5 20. Rdh1 Rxg5 21. Rxg5 Bh6 22. Rxh6 Qxh6 23. Qf5 Rf8 24. Qe6+ Kh8 25. Ne4 Rf4 26. Kc2 Kg7 27. Qc8 Rxe4 28. Qxc7+ Kf6 29. Qd8+ 1-0

[Event "94th FRA-ch Open C 2019"]
[Site "Chartres"]
[Date "2019.08.20"]
[Round "4.4"]
[White "Deswarte, Come"]
[Black "Bele, Charles"]
[Result "1-0"]
[ECO "C11"]
[WhiteElo "1628"]
[BlackElo "1678"]
[Annotator "NA"]
[PlyCount "97"]
[EventDate "2019.08.17"]
[EventType "swiss"]
[EventCountry "FRA"]
[SourceTitle "playchess.com"]
[Source "ChessBase"]
[SourceQuality "1"]
[TimeControl "40/5400+30:1800+30"]

1. e4 e6 2. d4 d5 3. Nc3 Nf6 4. e5 Nfd7 5. Nce2 c5 6. c3 Nc6 7. f4 Be7 8. g3 cxd4 9. cxd4 O-O 10. Bh3 Nb6 11. Nf3 Bd7 12. O-O Rc8 13. Bd2 Nc4 14. b3 Nxd2 15. Qxd2 Qb6 16. Kh1 Nb4 17. Nc3 Rc7 18. f5 Rfc8 19. Rac1 Bb5 20. Nxb5 Qxb5 21. fxe6 Rxc1 22. Rxc1 Rc6 23. exf7+ Kxf7 24. e6+ Kg8 25. Qf4 Rxc1+ 26. Qxc1 Kf8 27. Ne5 Qe8 28. Bg2 Nc6 29. Qf4+ Bf6 30. Nd7+ Ke7 31. Nxf6 gxf6 32. Bxd5 Qd8 33. Qe4 f5 34. Qh4+ Ke8 35. Bxc6+ bxc6 36. Qxd8+ Kxd8 37. Kg2 Ke7 38. Kf3 Kxe6 39. Ke3 a5 40. a3 h6 41. h3 Kd5 42. Kd3 h5 43. h4 c5 44. dxc5 Kxc5 45. b4+ axb4 46. axb4+ Kxb4 47. Kd4 Kb5 48. Ke5 Kc5 49. Kxf5 1-0

[Event "94th FRA-ch Open C 2019"]
[Site "Chartres"]
[Date "2019.08.20"]
[Round "4.5"]
[White "Schmitt, Nicolas"]
[Black "Noyer, Bastien"]
[Result "0-1"]
[ECO "A64"]
[WhiteElo "1665"]
[BlackElo "1618"]
[Annotator "NA"]
[PlyCount "90"]
[EventDate "2019.08.17"]
[EventType "swiss"]
[EventCountry "FRA"]
[SourceTitle "playchess.com"]
[Source "ChessBase"]
[SourceQuality "1"]
[TimeControl "40/5400+30:1800+30"]

1. d4 Nf6 2. c4 c5 3. d5 e6 4. Nc3 exd5 5. cxd5 d6 6. g3 g6 7. Bg2 Bg7 8. Nf3 O-O 9. O-O a6 10. a4 Re8 11. Nd2 Nbd7 12. Nc4 Nb6 13. Qb3 Nxc4 14. Qxc4 Rb8 15. b4 b6 16. Rb1 b5 17. axb5 axb5 18. Nxb5 Ba6 19. bxc5 Qa5 20. c6 Rxb5 21. Rxb5 Bxb5 22. Qf4 Re5 23. Bb2 Nxd5 24. Bxd5 Rxd5 25. Ra1 Qd8 26. c7 Qc8 27. Qe4 Bxb2 28. Ra7 Bc6 29. Qc2 Bd4 30. Qxc6 Bxa7 31. Qxd5 Qxc7 32. e3 Kg7 33. Kg2 Qc5 34. Qb3 d5 35. Kf3 Qc6 36. Ke2 Qc4+ 37. Qxc4 dxc4 38. Kd2 Kf6 39. Kc3 Ke5 40. Kxc4 Ke4 41. f3+ Kxf3 42. Kd5 Kxe3 43. Kd6 Bd4 44. Ke7 f5 45. Kf7 g5 0-1

[Event "94th FRA-ch Open C 2019"]
[Site "Chartres"]
[Date "2019.08.20"]
[Round "4.6"]
[White "Roche, Philippe"]
[Black "Guliyev, Tofig"]
[Result "0-1"]
[ECO "B83"]
[WhiteElo "1740"]
[BlackElo "1615"]
[Annotator "NA"]
[PlyCount "60"]
[EventDate "2019.08.17"]
[EventType "swiss"]
[EventCountry "FRA"]
[SourceTitle "playchess.com"]
[Source "ChessBase"]
[SourceQuality "1"]
[TimeControl "40/5400+30:1800+30"]

1. e4 c5 2. Nf3 d6 3. d4 cxd4 4. Nxd4 Nf6 5. Nc3 a6 6. Be2 e6 7. O-O Nc6 8. Be3 Qc7 9. f4 Be7 10. Qd2 O-O 11. Rad1 Re8 12. Bf3 Rb8 13. g4 Nxd4 14. Bxd4 e5 15. fxe5 dxe5 16. Be3 Bxg4 17. Qg2 Bxf3 18. Rxf3 Rbd8 19. Rdf1 Bc5 20. Bxc5 Qxc5+ 21. Kh1 Kh8 22. Qg5 h6 23. Qh4 Rd6 24. Rxf6 Rxf6 25. Rxf6 gxf6 26. Qxh6+ Kg8 27. Qxf6 Re6 28. Qd8+ Kg7 29. Qd5 Qf2 30. Qd3 Rg6 0-1